 Dungeon Crawl Stone Soup version 0.27-a0-1065-ge809cff456 (webtiles) character file.

Game seed: 17289919322962197854

60 snetch the Magician (level 4, -1/31 HPs)
             Began as a Djinni Hedge Wizard on Apr 24, 2021.
             Was a Follower of Elyvilon.
             Slain by a river rat (2 damage)
             ... in a sewer.
             The game lasted 00:07:51 (2226 turns).

snetch the Magician (Djinni Hedge Wizard)           Turns: 2226, Time: 00:07:52

Health: -1/31      AC:  2    Str:  9    XL:     4   Next: 4%
Gold:   100        EV: 12    Int: 16    God:    Elyvilon [*.....] SH:  0 Dex: 13

rFire    + + .     SeeInvis .   a - +0 dagger
rCold    x . .     Faith    .   (no shield)
rNeg     . . .     Spirit   .   b - +0 robe
rPois    ∞         Reflect  .   c - +0 hat
rElec    .         Harm     .   (no cloak)
rCorr    .         Rampage  .   (no gloves)
Will     .....                  (boots unavailable)
Stlth    ++........             e - amulet of the acrobat
HPRegen  0.10/turn              s - ring of wizardry
MPRegen  0.00/turn              (no ring)

@: flying
A: fire resistance 2, cold vulnerability 1, float, innate caster, hp casting,
extra vitality 1
a: Renounce Religion, Lesser Healing, Divine Protection


You were in a sewer.
You worshipped Elyvilon.
Elyvilon was aware of your devotion.
You visited 1 branch of the dungeon, and saw 4 of its levels.
You also visited: Sewer.

You collected 100 gold pieces.

Inventory:

Hand Weapons
 a - a +0 dagger (weapon)
Missiles
 h - 65 stones
 i - 8 boomerangs
 m - 21 sling bullets
Armour
 b - a +0 robe (worn)
 c - a +0 hat (worn)
Jewellery
 e - an amulet of the acrobat (around neck)
 s - a ring of wizardry (left hand)
Wands
 q - a wand of flame (13)
Scrolls
 d - 2 scrolls of teleportation {unknown}
 j - a scroll of holy word {unknown}
 n - a scroll of immolation {unknown}
 p - a scroll of identify {unknown}
Potions
 f - a potion of attraction {unknown}
 g - 3 potions of might {unknown}
 k - a potion of haste {unknown}
 l - 2 potions of degeneration {unknown}
 o - a potion of cancellation {unknown}
 r - a potion of berserk rage {unknown}


   Skills:
 + Level 2.4 Dodging
 + Level 2.0 Stealth
 + Level 3.9 Spellcasting


You couldn't memorise any spells.
You knew the following spells:

 Your Spells              Type           Power      Damage    Failure   Level
a - Magic Dart            Conj           60%        1d6       1%          1
b - Blink                 Tloc           N/A        N/A       2%          2
c - Call Imp              Summ           15%        N/A       2%          2
d - Slow                  Hex            15%        N/A       2%          2
e - Conjure Flame         Conj/Fire      15%        6-21      4%          3
f - Mephitic Cloud        Conj/Pois/Air  15%        N/A       4%          3
g - Sandblast             Erth           30%        2d9       1%          1
Your spell library was empty.

Dungeon Overview and Level Annotations

Branches:
Dungeon (4/15)              Sewer (1/1)
 Temple: D:4-7

Altars:
Elyvilon
Zin
The Shining One


Innate Abilities, Weirdness & Mutations

You are immune to poison.
Your flesh is very heat resistant. (rF++)
You are vulnerable to cold. (rC-)
You float through the air rather than walking.
You learn spells naturally, not from books.
Your magical power is your life essence.
You have superior vitality. (+4 HP)


Message History

Aiming: Sandblast (safe; 1% risk of failure)
Press: ? - help, Shift-Dir - straight line, f/p - river rat
Aim: a river rat (77% to hit)
The blast of sand hits the river rat.
The river rat is heavily wounded.
h - 68 stones
* * * LOW HITPOINT WARNING * * *
Casting: Sandblast (safe; 1% risk of failure)
Confirm with . or Enter, or press ? or * to list all spells.
Aiming: Sandblast (safe; 1% risk of failure)
Press: ? - help, Shift-Dir - straight line, f/p - river rat
Aim: a river rat (heavily wounded, 77% to hit)
The blast of sand hits the river rat but does no damage.
The river rat is heavily wounded.
h - 67 stones
* * * LOW HITPOINT WARNING * * *
The river rat bites you! Elyvilon protects you from harm!
Casting: Sandblast (safe; 1% risk of failure)
Confirm with . or Enter, or press ? or * to list all spells.
You don't have enough health to cast this spell.
Casting: Sandblast (safe; 1% risk of failure)
Confirm with . or Enter, or press ? or * to list all spells.
Aiming: Sandblast (safe; 1% risk of failure)
Press: ? - help, Shift-Dir - straight line, f/p - river rat
Aim: a river rat (heavily wounded, 77% to hit)
The blast of sand misses the river rat.
h - 66 stones
* * * LOW HITPOINT WARNING * * *
The river rat closely misses you.
Casting: Sandblast (safe; 1% risk of failure)
Confirm with . or Enter, or press ? or * to list all spells.
Aiming: Sandblast (safe; 1% risk of failure)
Press: ? - help, Shift-Dir - straight line, f/p - river rat
Aim: a river rat (heavily wounded, 77% to hit)
The blast of sand misses the river rat.
h - 65 stones
* * * LOW HITPOINT WARNING * * *
The river rat bites you.
You die...

#≈# #≈#
#≈# #≈#
#≈# #≈#
#≈# #r#
#@# #≈#
#≈# ≈≈≈
.≈≈
≈≈≈≈≈
≈≈≈≈≈
≈≈≈≈≈≈≈


You could see a river rat.

Vanquished Creatures
  An adder (D:3)
  An adder skeleton (D:4)
  A bat (D:1)
  8 endoplasms
  5 goblins
  5 hobgoblins
  7 jackals
  2 ball pythons
  5 kobolds
  6 rats
41 creatures vanquished.

Vanquished Creatures (others)
  4 toadstools (D:1)
4 creatures vanquished.

Grand Total: 45 creatures vanquished

Notes
Turn   | Place    | Note
-------+----------+-------------------------------------------
     0 | D:1      | snetch the Djinni Hedge Wizard began the quest for the Orb.
     0 | D:1      | Reached XP level 1. HP: 15/15 MP: 0/0
   430 | D:2      | Reached skill level 3 in Spellcasting
   432 | D:2      | Reached XP level 2. HP: 17/21 MP: 0/0
   613 | D:2      | Found a glowing golden altar of the Shining One.
  1378 | D:1      | Found a faded altar of an unknown god.
  1386 | D:1      | Became a worshipper of Elyvilon the Healer
  1386 | D:1      | Reached * piety under Elyvilon
  1498 | D:3      | Found a glowing silver altar of Zin.
  1512 | D:3      | Reached XP level 3. HP: 12/25 MP: 0/0
  1512 | D:3      | Learned a level 1 spell: Sandblast
  2159 | D:4      | Reached XP level 4. HP: 8/31 MP: 0/0
  2181 | D:4      | Found a glowing drain.
  2191 | Sewer    | Entered a sewer
  2207 | Sewer    | Elyvilon protects you from harm!
  2226 | Sewer    | Slain by a river rat

Illustrated notes

Levels and vault maps discovered:
D:1:      ldierk_walled_garden_2, layout_loops_corners,
          hellmonk_ecumenical_altar_arch_garden, fountainhead
D:2:      layout_loops_ring, basic_altar
D:3:      minmay_door_path, layout_basic, overflow_temple_1_default,
          nicolae_uskayaw_suspiria, amcnicky_altar_gilded, uniq_natasha,
          uniq_jessica, uniq_grinder
D:4:      layout_loops_ring, cheibrodos_sewer_entry_sluice
Sewer:    sewer_kobolds

Skill      XL: |  1  2  3 |
---------------+----------+-----
Spellcasting   | 3 |  3.9
Stealth        | 2 |  2.0
Dodging        | |  2.4

Action                   |  1- 3 |  4- 6 || total
-------------------------+-------+-------++-------
Melee: Dagger            |       |     1 ||     1
 Cast: Magic Dart        |    89 |     6 ||    95
       Sandblast         |     4 |     5 ||     9
Armor: Robe              |     3 |     1 ||     4
Dodge: Dodged            |    21 |     8 ||    29

Table legend: (Time is in decaauts)
 A = Elapsed time spent in this place.
 B = Non-inter-level travel time spent in this place.
 C = Inter-level travel time spent in this place.
 D = Time resting spent in this place.
 E = Time spent auto-exploring this place.
 F = Levels seen in this place.
 G = Mean time per level.
                   A        B        C        D        E       F      G
               +--------+--------+--------+--------+--------+-----+--------+
         Total |   2227 |   2217 |     10 |    141 |   1550 |   5 |  445.4 |
       Dungeon |   2192 |   2182 |     10 |    141 |   1550 |   4 |  548.0 |
         Sewer |     34 |     34 |      0 |      0 |      0 |   1 |   34.0 |
               +--------+--------+--------+--------+--------+-----+--------+

Top non-repeatable levels by time:
     D:1: 1436 daAuts
     D:4: 463 daAuts
     D:3: 228 daAuts
     D:2: 64 daAuts
   Sewer: 34 daAuts
